 Dungeon Crawl Stone Soup version 0.18.1-8-gdd0e5ea (webtiles) character file.

86 DevlanMud the Insei (level 4, 0/35 HPs)
             Began as a Demonspawn Monk on June 2, 2016.
             Slain by Grinder (3 damage)
             ... on level 3 of the Dungeon.
             The game lasted 00:04:58 (1907 turns).

DevlanMud the Insei (Demonspawn Monk)               Turns: 1907, Time: 00:04:59

Health: 0/35       AC:  7    Str: 12    XL:     4   Next: 27%
Magic:  4/4        EV: 11    Int: 12    God:
Gold:   137        SH:  0    Dex: 15    Spells: 0 memorised, 3 levels left

rFire  . . .     SeeInvis .       - Unarmed
rCold  . . .     Gourm    .     i - +0 ring mail {rN+}
rNeg   + . .     Faith    .     (no shield)
rPois  .         Spirit   .     (no helmet)
rElec  .         Dismiss  .     (no cloak)
rCorr  .         Reflect  .     (no gloves)
SustAt .         Harm     .     (no boots)
MR     .....                    (no amulet)
Stlth  ++........               (no ring)
                                h - ring of flight

@: slowed, very slow, not resistant to hostile enchantments, unstealthy
A: slimy green scales 1, nightstalker 1, rot immunity
a: Evoke Flight


You were on level 3 of the Dungeon.
You were hungry.

You visited 1 branch of the dungeon, and saw 3 of its levels.

You collected 137 gold pieces.

Inventory:

Armour
 i - a +0 ring mail of positive energy (worn)
Jewellery
 h - a ring of flight (left hand)
Scrolls
 o - a scroll of noise
 p - a scroll of teleportation
Potions
 a - a potion of mutation {unknown}
 c - 2 potions of heal wounds
 d - a potion of resistance
 e - a potion of ambrosia {unknown}
 j - a potion of haste {unknown}
 m - 2 potions of cure mutation {unknown}
 n - a potion of invisibility {unknown}
 q - 2 potions of flight {unknown}
Comestibles
 b - 2 bread rations
 f - 3 chunks of flesh
 g - a meat ration
 k - 3 fruits
 l - a slice of pizza


   Skills:
 + Level 3.4 Fighting
 + Level 0.5 Armour
 + Level 3.1 Dodging
 + Level 2.1 Stealth
 * Level 4.5 Unarmed Combat


You had 3 spell levels left.
You didn't know any spells.

Dungeon Overview and Level Annotations

Branches:
Dungeon (3/15)

Altars:

Annotations:
D:3 Grinder, Jessica


Innate Abilities, Weirdness & Mutations

You are partially covered in slimy green scales (AC +2).
You are slightly more attuned to the shadows.
You are immune to rotting.


Message History

The orc is almost dead.
You are feeling hungry.
The orc hits you with a club.
Jessica mumbles some strange words.
Jessica blinks!
You hit the orc but do no damage.
The orc is almost dead.
Grinder gestures at you. Pain shoots through your body!
The orc barely misses you. The orc hits you but does no damage.
You hit the orc but do no damage.
The orc is almost dead.
Grinder gestures at you. Pain shoots through your body!
* * * LOW HITPOINT WARNING * * *
The orc closely misses you.
You closely miss the orc.
The orc is almost dead.
Grinder hits you.
You die...

.........#
#######..#
##.## #
#####..##.##
#...........
#.####.##.##
#.#..)......
#.#o###.#.##
#.#@# .. ..
#.#5# ... #
#..@# >.#
#####


You could see Grinder, Jessica and an orc.

Vanquished Creatures
  3 adders
  2 oozes
  A worm (D:2)
  5 giant geckos
  3 giant cockroaches
  3 goblins
  7 hobgoblins
  3 kobolds
  8 bats
  2 giant newts
  8 rats
45 creatures vanquished.

Notes
Turn   | Place    | Note
--------------------------------------------------------------
     0 | D:1      | DevlanMud the Demonspawn Monk began the quest for the Orb.
     0 | D:1      | Reached XP level 1. HP: 18/18 MP: 1/1
   359 | D:1      | Gained mutation: You are immune to rotting. [demonic ancestry]
   359 | D:1      | Reached XP level 2. HP: 15/24 MP: 2/2
   576 | D:1      | Reached skill level 4 in Unarmed Combat
  1064 | D:2      | Gained mutation: You are slightly more attuned to the shadows. [demonic ancestry]
  1064 | D:2      | Reached XP level 3. HP: 27/29 MP: 3/3
  1446 | D:2      | Found a faded altar to an unknown god.
  1593 | D:2      | Gained mutation: You are partially covered in slimy green scales (AC +2). [demonic ancestry]
  1593 | D:2      | Reached XP level 4. HP: 31/35 MP: 4/4
  1863 | D:3      | Noticed Jessica
  1865 | D:3      | Noticed Grinder
  1907 | D:3      | Slain by Grinder

Skill      XL: |  1  2  3  4 |
---------------+-------------+-----
Unarmed Combat | 4 |  4.5
Stealth        | 2 |  2.1
Dodging        | 3 |  3.1
Fighting       | |  3.4
Armour         | |  0.5

Action                   |  1- 3 |  4- 6 || total
-------------------------+-------+-------++-------
Melee: Unarmed           |   174 |    75 ||   249
       Punch             |     3 |     2 ||     5
  Use: Scroll            |     7 |     2 ||     9
 Stab: Sleeping          |     5 |     2 ||     7
  Eat: Chunk             |     2 |     1 ||     3
Armor: Robe              |     8 |       ||     8
       Ring mail         |    49 |    23 ||    72
Dodge: Dodged            |    96 |    40 ||   136
